 Dungeon Crawl Stone Soup version 0.31.0-11-ge490571c62 (webtiles) character file.

Game seed: 7273617475300038035

18 qw the Shooter (level 2, -2/14 HPs)
             Began as a Spriggan Hunter on Feb 3, 2024.
             Succumbed to their own poison gas
             ... on level 1 of the Dungeon.
             The game lasted 00:00:09 (743 turns).

qw the Shooter (Spriggan Hunter)                     Turns: 743, Time: 00:00:10

Health: -2/14      AC:  2    Str:  7    XL:     2   Next: 51%
Magic:  3/3        EV: 19    Int: 10    God:
Gold:   73         SH:  0    Dex: 18    Spells: 1/1 levels left

rFire   . . .        a - +0 shortbow
rCold   . . .        (shield currently unavailable)
rNeg    . . .        c - +0 robe
rPois   .            (helmet restricted)
rElec   .            (no cloak)
rCorr   .            (gloves unavailable)
SInv    +            (boots unavailable)
Will    .....        (no amulet)
Stlth   ++           (no ring)
HPRegen 0.22/turn    (no ring)
MPRegen 0.08/turn

%: no passive effects
@: lethally poisoned (-2 -> -14), very quick
A: very small, no large weapons, unfitting armour, see invisible, speed 3
a: no special abilities


You were on level 1 of the Dungeon.
You visited 1 branch of the dungeon, and saw 1 of its levels.

You collected 73 gold pieces.


Innate Abilities, Weirdness & Mutations

You are very small and have problems with some larger weapons.
You are too small for most types of armour.
You have supernaturally acute eyesight. (SInv)
You cover ground extremely quickly. (Speed+++)


   Skills:
 - Level 1.5 Fighting
 + Level 4.1 Ranged Weapons
 - Level 4.0 Dodging
 - Level 1.5 Stealth


You had one spell level left.
You didn't know any spells.
Your spell library was empty.

Inventory:

Hand Weapons
 a - a +0 shortbow (weapon)
Armour
 c - a +0 robe (worn)
Potions
 d - a potion of resistance
 f - a potion of curing {unknown}
 h - a potion of degeneration {unknown}

Dungeon Overview and Level Annotations

Branches:
Dungeon (1/15)

Altars:


Message History

You see here a +0 club.
There is an open door here.
Done exploring.
Enter note:
Enter note: Done exploring.
736 ||| READING 2 scrolls labelled FUCKAF SIOMESU.
The air fills with toxic fumes!
As you read the scroll labelled FUCKAF SIOMESU, it crumbles to dust.
It was a scroll of poison.
Done exploring.
737 ||| READING scroll labelled CILLAOHUHUA.
As you read the scroll labelled CILLAOHUHUA, it crumbles to dust.
It is a scroll of identify.
737 ||| IDENTIFYING smoky coppery potion
d - a potion of resistance Done exploring.
738 ||| DROPPING scroll of butterflies.
You drop a scroll of butterflies.
Done exploring.
739 ||| DROPPING scroll of poison.
You drop a scroll of poison.
Done exploring.
What level of the Dungeon? (default 1, ? - help) Sorry, I don't know how to get there.
Enter note:
Enter note:
Enter note:
Enter note:
Enter note:
Enter note: You are engulfed in poison gas.
You are lethally poisoned!
You feel very sick.
741 ||| Stepping ~*~*~tactically~*~*~ (cloud).
You feel sick.
Things that are here:
a scroll of poison; a scroll of butterflies
There is a lethal amount of poison in your body!
You feel very sick.
There is a lethal amount of poison in your body!
You die...

### #########.######## #####
#¤.>.............# ##...##
#0######..######.#
##.#...###0######..######.###
#####.#.###...¤¤¤0............%.#
...............0¤####.......#.#.#
#..##.#...#..###¤## #..####.#.#.#
#...##.....#.# #@¤# ###7 #####.#
............## #### #.#
#...##.....## #.# #..####...##
#.# #..# ##### #.# #..#


77777777 777##.# #..# ###777 7....7.777..##.# #..########.#7.777..<.....7.7#..#
..(.........#.7.7.7...7.7..7...## There were no monsters in sight!

Vanquished Creatures
  2 ball pythons (D:1)
  2 endoplasms (D:1)
  A giant cockroach (D:1)
  A goblin (D:1)
  4 hobgoblins (D:1)
  2 kobolds (D:1)
  A bat (D:1)
  A frilled lizard (D:1)
  A rat (D:1)
15 creatures vanquished.

Notes
Turn   | Place    | Note
-------+----------+-------------------------------------------
     0 | D:1      | qw the Spriggan Hunter began the quest for the Orb.
     0 | D:1      | Reached XP level 1. HP: 10/10 MP: 2/2
     0 | D:1      | 0 ||| qw: Version: 0.3-a-155-g5e7d8dd
     0 | D:1      | 0 ||| qw: Game counter: 3268
     0 | D:1      | 0 ||| qw: Melee chars always use a shield: true
     0 | D:1      | 0 ||| qw: God list: Okawaru
     0 | D:1      | 0 ||| qw: Allow faded altars: false
     0 | D:1      | 0 ||| qw: Do Orc after clearing Dungeon:15 true
     0 | D:1      | 0 ||| qw: Do second Lair branch before Depths: true
     0 | D:1      | 0 ||| qw: Lair rune preference: random
     0 | D:1      | 0 ||| qw: Goals: Normal
     0 | D:1      | 0 ||| PLANNING D:1-11
    29 | D:1      | Reached skill level 3 in Dodging
   101 | D:1      | Reached XP level 2. HP: 14/14 MP: 3/3
   736 | D:1      | 736 ||| READING 2 scrolls labelled FUCKAF SIOMESU.
   737 | D:1      | 737 ||| READING scroll labelled CILLAOHUHUA.
   737 | D:1      | 737 ||| IDENTIFYING smoky coppery potion
   738 | D:1      | 738 ||| DROPPING scroll of butterflies.
   739 | D:1      | 739 ||| DROPPING scroll of poison.
   741 | D:1      | 741 ||| Stepping ~*~*~tactically~*~*~ (cloud).
   742 | D:1      | HP: 1/14 [poisoned by you (poison gas)]
   743 | D:1      | Succumbed to their own poison gas

Levels and vault maps discovered:
D:1:      roderic_dead_forest, layout_loops_ring, dk_noncrumbling_4,
          minmay_misc_feat_roman

Skill      XL: |  1  2 |
---------------+-------+-----
Dodging        | 3 4 |  4.0
Fighting       | |  1.5
Ranged Weapons | |  4.1
Stealth        | |  1.5

Action                     || total
---------------------------++-------
   Fire: Shortbow          ||    41
    Use: Scroll            ||     2
 Armour: Robe              ||     4
  Dodge: Dodged            ||    14

Table legend:
 A = Non-vault XP
 B = Vault XP
 C = Vault XP percentage of total XP
 D = Non-vault monster count
 E = Vault monster count
 F = Vault count percentage of total count
                 A         B        C        D         E       F
            +---------+---------+-------+---------+---------+-------
      Total |      27 |       0 |   0.0 |      15 |       0 |   0.0
            +---------+---------+-------+---------+---------+-------
        D:1 |      27 |       0 |   0.0 |      15 |       0 |   0.0
            +---------+---------+-------+---------+---------+-------
